 Dungeon Crawl Stone Soup version 0.18.1-2-ga659475 (webtiles) character file.

21 Hsing the Vexing (level 2, 0/11 HPs)
             Began as a Felid Enchanter on May 8, 2016.
             Slain by an adder (3 damage)
             ... on level 2 of the Dungeon.
             The game lasted 00:02:44 (1181 turns).

Hsing the Vexing (Felid Enchanter)                  Turns: 1181, Time: 00:02:57

Health: 0/11       AC:  1    Str:  4    XL:     2   Next: 62%
Magic:  0/6        EV: 18    Int: 16    God:
Gold:   46         SH:  0    Dex: 16    Spells: 2 memorised, 3 levels left
                                        Lives:  0   Deaths: 0

rFire  . . .     SeeInvis +       - Unarmed
rCold  . . .     Gourm    .     (armour unavailable)
rNeg   . . .     Faith    .     (shield unavailable)
rPois  .         Spirit   .     (helmet unavailable)
rElec  .         Dismiss  .     (cloak unavailable)
rCorr  .         Reflect  .     (gloves unavailable)
SustAt .         Harm     .     (boots unavailable)
MR     .....                    (no amulet)
Stlth  ++++......               (no ring)
                                (no ring)

@: lethally poisoned (0 -> -8), very slightly contaminated, quick, not resistant
to hostile enchantments, stealthy
A: no armour, no weapons or thrown items, claws 1, fangs 3, see invisible,
carnivore 3, speed 1, shaggy fur 1, slow metabolism 1, sharp paws
a: no special abilities


You were on level 2 of the Dungeon.
You were not hungry.

You visited 1 branch of the dungeon, and saw 2 of its levels.

You collected 46 gold pieces.

Inventory:

Scrolls
 f - a scroll of teleportation {unknown}
 g - 2 scrolls of recharging {unknown}
 h - 2 scrolls of remove curse {unknown}
 i - a scroll of fear {unknown}
 j - 2 scrolls of identify {unknown}
Potions
 c - a potion of might {unknown}
 d - a potion of cancellation {unknown}
 e - a potion of curing {unknown}
Books
 a - a book of Maledictions

   Spells                             Type                      Level
   a - Corona                         Hexes                        1
   b - Ensorcelled Hibernation        Hexes/Ice                    2
   c - Confuse                        Hexes                        3
   d - Tukima's Dance                 Hexes                        3
   e - Dazzling Spray                 Conjuration/Hexes            3
Comestibles
 b - 2 meat rations


   Skills:
 - Level 2.6 Dodging
 + Level 4.5 Stealth
 - Level 1.0 Unarmed Combat
 * Level 2.5 Spellcasting
 + Level 4.6 Hexes


You had 3 spell levels left.
You knew the following spells:

 Your Spells              Type           Power        Failure   Level  Hunger
a - Corona                Hex            ###....      3%          1    #......
b - Ensorcelled Hibernat  Hex/Ice        #.....       14%         2    ##.....


Dungeon Overview and Level Annotations

Branches:
Dungeon (2/15)

Altars:

Annotations:
D:2 Terence


Innate Abilities, Weirdness & Mutations

You cannot wear armour.
You are incapable of wielding weapons or throwing items.
You have sharp claws.
You have razor-sharp teeth.
You have supernaturally acute eyesight.
You are carnivorous and can eat meat at any time.
You cover ground quickly.
You are covered in fur (AC +1).
You have a slow metabolism.
Your sharp claws are effective at attacking unaware monsters.


Message History

The jackal closely misses you.
You scratch the jackal.
The jackal is almost dead.
The jackal misses you. x2
Casting: Ensorcelled Hibernation
Confirm with . or Enter, or press ? or * to list all spells.
Aiming: Ensorcelled Hibernation
Press: ? - help, Shift-Dir - straight line, f/p - jackal
Aim: a jackal (severely wounded, chance to defeat MR: 79%)
The jackal resists with significant effort.
The jackal misses you.
You scratch the jackal.
You kill the jackal!
You barely miss the adder. You bite the adder.
The adder is moderately wounded.
The adder bites you.
* * * LOW HITPOINT WARNING * * *
You are lethally poisoned!
The adder poisons you! The adder bites you.
You die...

.. #.#.. #.. ... #.#..
#.# .... ..#.. #.#
w.?..###@# #.# #........#
#.# #.#####.@# #.# #...
## #.#[# ........# ....
#.#@# ....%...#
....##.#S#####.#........#
)......#h......#........#
.........#######.....[..#
........................#
...........######.......#
###########......#.#
.......#.######..#.#
###.#..........#.#


You could see an adder and a jackal.

Vanquished Creatures
  A giant gecko (D:2)
  3 giant cockroaches (D:1)
  A hobgoblin (D:1)
  2 jackals (D:2)
  4 kobolds
  A quokka (D:2)
  A bat (D:2)
  3 giant newts
  3 rats
19 creatures vanquished.

Notes
Turn   | Place    | Note
--------------------------------------------------------------
     0 | D:1      | Hsing the Felid Enchanter began the quest for the Orb.
     0 | D:1      | Reached XP level 1. HP: 7/7 MP: 4/4
   397 | D:1      | Reached XP level 2. HP: 11/11 MP: 6/6
   401 | D:1      | Learned a level 2 spell: Ensorcelled Hibernation
   880 | D:2      | Noticed Terence
  1181 | D:2      | Slain by an adder

Action                   || total
-------------------------++-------
Melee: Unarmed           ||    35
       Bite              ||     3
 Cast: Ensorcelled Hiber ||     5
 Stab: Sleeping          ||    15
Armor: Skin              ||     1
Dodge: Dodged            ||    26
